 Dungeon Crawl Stone Soup version 0.21.1-1-g345015fe64 (webtiles) character file.

84 Hercules1031 the Conjurer (level 4, -5/27 HPs)
             Began as an Octopode Conjurer on June 22, 2018.
             Was an Initiate of Nemelex Xobeh.
             Slain by an orc
             ... wielding a +0 mace
              (7 damage)
             ... on level 3 of the Dungeon.
             The game lasted 00:09:37 (1727 turns).

Hercules1031 the Conjurer (Octopode Conjurer)       Turns: 1727, Time: 00:09:38

Health: -5/27      AC:  1    Str:  7    XL:     4   Next: 46%
Magic:  1/9        EV: 14    Int: 18    God:    Nemelex Xobeh [......]
Gold:   107        SH:  0    Dex: 12    Spells: 2/9 levels left

rFire    . . .     SeeInvis .   (no weapon)
rCold    . . .     Gourm    .   (no shield)
rNeg     . . .     Faith    .   (helmet restricted)
rPois    .         Spirit   .   (no amulet)
rElec    .         Reflect  .   d - ring of wizardry
rCorr    .         Harm     .   (no ring)
MR       .....                  (no ring)
Stlth    +++.......             (no ring)
HPRegen  0.09/turn              (no ring)
MPRegen  0.11/turn              (no ring)
                                (no ring)
                                (no ring)

@: no status effects
A: almost no armour, stealthy swim, amphibious, 8 rings, constrict 8, camouflage
1, gelatinous body 1
a: Renounce Religion


You were on level 3 of the Dungeon.
You worshipped Nemelex Xobeh.
Nemelex Xobeh was noncommittal.
You were not hungry.

You visited 1 branch of the dungeon, and saw 3 of its levels.

You collected 107 gold pieces.

Inventory:

Jewellery
 d - a ring of wizardry (left tentacle)
Scrolls
 c - a scroll of blinking {unknown}
 e - 2 scrolls of teleportation {unknown}
 f - a scroll of identify
 i - 2 scrolls of remove curse {unknown}
Potions
 j - a potion of might
Books
 a - a book of Conjurations

   Spells                             Type                      Level
   a - Magic Dart                     Conjuration                  1
   b - Searing Ray                    Conjuration                  2
   c - Dazzling Spray                 Conjuration/Hexes            3
   d - Fulminant Prism                Conjuration/Hexes            4
   e - Force Lance                    Conjuration/Translocation    4
   f - Iskenderun's Mystic Blast      Conjuration                  4
Miscellaneous
 h - a plain deck of summoning
Comestibles
 b - 3 rations


   Skills:
 + Level 2.7 Dodging
 - Level 2.6 Stealth
 * Level 3.3 Spellcasting
 + Level 4.5 Conjurations


You had 2 spell levels left.
You knew the following spells:

 Your Spells              Type           Power        Failure   Level  Hunger
a - Magic Dart            Conj           ###.         1%          1    None
b - Iskenderun's Mystic   Conj           ###.....     10%         4    ####...
c - Searing Ray           Conj           ###...       1%          2    ##.....


Dungeon Overview and Level Annotations

Branches:
Dungeon (3/15)

Altars:
Nemelex Xobeh


Innate Abilities, Weirdness & Mutations

You cannot wear most types of armour.
You are very stealthy in the water. (Stealth+)
You are amphibious.
You can wear up to eight rings at the same time.
You can use your tentacles to constrict eight enemies at once.
Your skin changes colour to match your surroundings (Stealth+).
Your rubbery body absorbs attacks. (AC +1, EV +1)


Message History

Confirm with . or Enter, or press ? or * to list all spells.
You don't know that spell.
Casting: Magic Dart
Confirm with . or Enter, or press ? or * to list all spells.
You don't know that spell.
Casting: Magic Dart
Confirm with . or Enter, or press ? or * to list all spells.
Aiming: Iskenderun's Mystic Blast
Press: ? - help, Shift-Dir - straight line, f - dart slug, p - orc
Aim: a dart slug The orb of energy hits the hobgoblin.
You kill the hobgoblin!
The orb of energy explodes!
The mystic blast hits the orc.
The orc is heavily wounded.
You hear a bark!
The orc hits you.
* * * LOW HITPOINT WARNING * * *
The orc hits you with a mace!
You die...
Your body disappears without a glow.

. .# ... ##.#### ..
#####....... w.
.#><....# .# ..
...#..### o###...
##...## #######S...#
###...# #>....[o.#
..##..#####.####@###
#..#........###o.#
#.#.##......#..##
#...#..####...##
#......## ##..#
...###.# #..# ..##
#.>. #.... ## ###.#
...##. ...#####


You could see an orc wizard, an adder, a dart slug and 2 orcs.

Vanquished Creatures
  A worker ant (D:2)
  An ooze (D:1)
  A worm (D:2)
  A leopard gecko (D:1)
  An orc (D:3)
  A giant cockroach (D:1)
  4 goblins
  8 hobgoblins
  10 jackals
  A ball python (D:1)
  5 bats (D:2)
  2 frilled lizards
  5 kobolds
  9 rats
50 creatures vanquished.

Notes
Turn   | Place    | Note
-------+----------+-------------------------------------------
     0 | D:1      | Hercules1031 the Octopode Conjurer began the quest for the Orb.
     0 | D:1      | Reached XP level 1. HP: 11/11 MP: 3/3
   128 | D:1      | Reached XP level 2. HP: 15/17 MP: 1/5
   764 | D:1      | Reached XP level 3. HP: 21/21 MP: 2/7
  1000 | D:2      | Reached XP level 4. HP: 27/27 MP: 2/8
  1015 | D:2      | Found a sparkling altar of Nemelex Xobeh.
  1026 | D:2      | Became a worshipper of Nemelex Xobeh the Trickster
  1088 | D:2      | Learned a level 4 spell: Iskenderun's Mystic Blast
  1091 | D:2      | Learned a level 2 spell: Searing Ray
  1177 | D:2      | Received a gift from Nemelex Xobeh
  1727 | D:3      | Slain by an orc

Skill      XL: |  1  2  3 |
---------------+----------+-----
Spellcasting   | 3 |  3.3
Dodging        | |  2.7
Stealth        | |  2.6
Conjurations   | |  4.5

Action                   |  1- 3 |  4- 6 || total
-------------------------+-------+-------++-------
Melee: Unarmed           |    19 |    30 ||    49
       Constrict         |     6 |     8 ||    14
       Tentacles         |     3 |     6 ||     9
 Cast: Magic Dart        |    44 |    27 ||    71
       Searing Ray       |       |     3 ||     3
       Iskenderun's Myst |       |     1 ||     1
  Use: Potion            |     4 |     2 ||     6
       Scroll            |       |     2 ||     2
  Eat: Ration            |       |     1 ||     1
Armor: Skin              |     2 |     5 ||     7
Dodge: Dodged            |    21 |    34 ||    55
